 Dungeon Crawl Stone Soup version 0.29-a0-221-gceb61267dd (webtiles) character file.

Game seed: 5902597040948364085

145 Aksej the Skirmisher (level 5, -8/42 HPs)
             Began as a Demonspawn Monk on Feb 26, 2022.
             Mangled by a gnoll
             ... wielding a +0 halberd
              (12 damage)
             ... on level 3 of the Dungeon.
             The game lasted 00:04:08 (3378 turns).

Aksej the Skirmisher (Demonspawn Monk)              Turns: 3378, Time: 00:04:08

Health: -8/42      AC:  2    Str: 11    XL:     5   Next: 6%
Magic:  5/5        EV: 15    Int: 12    God:
Gold:   177        SH:  0    Dex: 17    Spells: 4/4 levels left

rFire   . . .      SeeInvis .   a - +0 mace
rCold   . . .      Faith    .   (no shield)
rNeg    . . .      Spirit   .   b - +0 robe
rPois   .          Reflect  .   (no helmet)
rElec   .          Harm     .   (no cloak)
rCorr   .          Rampage  .   (gloves unavailable)
Will    .....                   (no boots)
Stlth   ++........              (no amulet)
HPRegen 0.14/turn               (no ring)
MPRegen 0.09/turn               (no ring)

@: mighty, flying
A: claws 3, repulsion field 1
a: no special abilities


You were on level 3 of the Dungeon.
You visited 1 branch of the dungeon, and saw 3 of its levels.

You collected 177 gold pieces.

Inventory:

Hand Weapons
 a - a +0 mace (weapon)
Armour
 b - a +0 robe (worn)
Jewellery
 c - a ring of poison resistance
 f - an amulet of reflection
 m - a ring of magical power
Scrolls
 d - 5 scrolls of amnesia
 e - a scroll of teleportation
 i - a scroll of noise {unknown}
 l - a scroll of magic mapping {unknown}
 o - a scroll of fog {unknown}
Potions
 g - a potion of lignification
 k - a potion of mutation {unknown}
 n - a potion of curing {unknown}


   Skills:
 * Level 4.0 Fighting
 + Level 3.7 Maces & Flails
 * Level 3.4 Dodging
 + Level 2.4 Stealth


You had 4 spell levels left.
You didn't know any spells.
Your spell library contained the following spells:

 Spells                   Type           Power      Damage    Failure   Level
 Static Discharge         Conj/Air       0%         N/A       45%         2
 Summon Guardian Golem    Hex/Summ       0%         N/A       69%         3
 Dispel Undead            Necr           0%         3d6       97%         4
 Sticky Flame             Conj/Fire      0%         2d3       97%         4
 Orb of Destruction       Conj           0%         9d5       100%        7
 Spellforged Servitor     Conj/Summ      0%         N/A       100%        7


Dungeon Overview and Level Annotations

Branches:
Dungeon (3/15)

Altars:


Innate Abilities, Weirdness & Mutations

You have claws for hands.
You are surrounded by a mild repulsion field. (EV +2)


Message History

A gnoll comes into view. It is wielding a +0 halberd.
You hit the kobold.
The kobold is heavily wounded.
The kobold misses you. The kobold hits you but does no damage.
You hit the kobold.
You kill the kobold!
You barely miss the gnoll. The gnoll completely misses you.
You hit the gnoll.
The gnoll is heavily wounded.
The gnoll barely misses you.
You sock the gnoll!
You kill the gnoll!
The gnoll hits you from afar with a +0 halberd!
Your Fighting skill increases to level 4!
It was a potion of flight.
You feel very buoyant.
You fly up into the air.
The gnoll closely misses you.
It was a potion of might.
You feel very mighty all of a sudden. The gnoll closely misses you.
The gnoll hits you with a +0 halberd!
The gnoll hits you from afar with a +0 halberd!
* * * LOW HITPOINT WARNING * * *
Things that are here:
a +0 whip; a +0 short sword; a kobold corpse You sock the gnoll!
The gnoll is severely wounded.
The gnoll completely misses you. The gnoll barely misses you.
You completely miss the gnoll.
The gnoll is severely wounded.
The gnoll barely misses you. The gnoll misses you.
You hit the gnoll.
You kill the gnoll!
The gnoll hits you from afar with a +0 halberd!
* * * LOW HITPOINT WARNING * * *
You have reached level 5!
Your demonic ancestry asserts itself...
Your hands twist into claws.
The gnoll hits you with a +0 halberd!
You die...

#........ #. #.#
#.[###.## . #.# #..# #.#
#.#.# #..# #.#
#.#.####..###.##
...............
#.####..######
...########.............
#....g@)....####.##.###
###########†# #.##.###
#.# #....... #.#
####.### ..# #<# ### #.#
#.### #.... #####


You could see a gnoll.

Vanquished Creatures
  5 adders
  2 gnolls (D:3)
  2 worms (D:2)
  5 dart slugs
  6 ball pythons
  2 endoplasms (D:3)
  3 giant cockroaches
  15 goblins
  5 hobgoblins
  4 jackals (D:1)
  4 kobolds
  2 bats
  2 frilled lizards
  9 rats
66 creatures vanquished.

Notes
Turn   | Place    | Note
-------+----------+-------------------------------------------
     0 | D:1      | Aksej the Demonspawn Monk began the quest for the Orb.
     0 | D:1      | Reached XP level 1. HP: 18/18 MP: 1/1
   392 | D:1      | Gained mutation: You have sharp fingernails. [demonic
                  | ancestry]
   392 | D:1      | Reached XP level 2. HP: 21/24 MP: 2/2
  1300 | D:2      | Gained mutation: You have very sharp fingernails. [demonic
                  | ancestry]
  1300 | D:2      | Reached XP level 3. HP: 24/29 MP: 3/3
  2073 | D:2      | Found a faded altar of an unknown god.
  2147 | D:2      | Gained mutation: You are surrounded by a mild repulsion
                  | field. (EV +2) [demonic ancestry]
  2147 | D:2      | Reached XP level 4. HP: 10/36 MP: 4/4
  3372 | D:3      | Reached skill level 4 in Fighting
  3378 | D:3      | Gained mutation: You have claws for hands. [demonic
                  | ancestry]
  3378 | D:3      | Reached XP level 5. HP: 4/42 MP: 5/5
  3378 | D:3      | Mangled by a gnoll

Illustrated notes

Levels and vault maps discovered:
D:1:      minmay_arrival_widening_spiral_wide, layout_basic
D:2:      layout_basic, ebering_ecumenical_altar_sacrificial
D:3:      kennysheep_the_goblin_king, layout_loops_ring,
          grunt_decor_mini_mirrors

Skill      XL: |  1  2  3  4 |
---------------+-------------+-----
Maces & Flails | 3 |  3.7
Dodging        | 3 |  3.4
Stealth        | 2 |  2.4
Fighting       | 4 |  4.0

Action                   |  1- 3 |  4- 6 || total
-------------------------+-------+-------++-------
Melee: Mace              |   116 |    83 ||   199
  Use: Scroll            |     5 |     1 ||     6
       Potion            |     1 |     2 ||     3
 Stab: Sleeping          |     4 |     4 ||     8
Armor: Robe              |    32 |     9 ||    41
Dodge: Dodged            |    92 |    61 ||   153

Table legend: (Time is in decaauts)
 A = Elapsed time spent in this place.
 B = Non-inter-level travel time spent in this place.
 C = Inter-level travel time spent in this place.
 D = Time resting spent in this place.
 E = Time spent auto-exploring this place.
 F = Levels seen in this place.
 G = Mean time per level.
                   A        B        C        D        E       F      G
               +--------+--------+--------+--------+--------+-----+--------+
         Total |   3431 |   3373 |     58 |      0 |   2851 |   3 | 1143.7 |
       Dungeon |   3431 |   3373 |     58 |      0 |   2851 |   3 | 1143.7 |
               +--------+--------+--------+--------+--------+-----+--------+

Top non-repeatable levels by time:
     D:2: 1390 daAuts
     D:1: 1261 daAuts
     D:3: 779 daAuts
